 Dungeon Crawl Stone Soup version 0.21.1-1-g345015fe64 (webtiles) character file.

155 Knicklaso the Vandal (level 5, -1/36 HPs)
             Began as a Halfling Hunter on Apr 10, 2018.
             Killed from afar by an orc wizard (6 damage)
             ... with a puff of flame
             ... on level 3 of the Dungeon.
             The game lasted 00:07:24 (2405 turns).

Knicklaso the Vandal (Halfling Hunter)              Turns: 2405, Time: 00:07:24

Health: -1/36      AC:  6    Str: 14    XL:     5   Next: 63%
Magic:  5/5        EV: 14    Int:  9    God:
Gold:   173        SH:  3    Dex: 15    Spells: 4/4 levels left

rFire    . . .     SeeInvis .   a - +1 hunting sling
rCold    + . .     Gourm    .   (shield restricted)
rNeg     . . .     Faith    .   j - +0 ring mail
rPois    .         Spirit   .   r - +0 helmet
rElec    .         Reflect  +   (no cloak)
rCorr    .         Harm     .   (no gloves)
MR       .....                  (no boots)
Stlth    +.........             m - +3 amulet of reflection
HPRegen  0.12/turn              o - ring of protection from cold
MPRegen  0.09/turn              (no ring)

@: no status effects
A: small, mutation resistance 1
a: no special abilities


You were on level 3 of the Dungeon.
You were not hungry.

You visited 1 branch of the dungeon, and saw 3 of its levels.

You collected 173 gold pieces.

Inventory:

Hand Weapons
 a - a +1 hunting sling (weapon)
 b - a +0 short sword
Missiles
 d - 43 sling bullets
 e - 130 stones (quivered)
Armour
 c - a +0 leather armour
 j - a +0 ring mail (worn)
 r - a +0 helmet (worn)
Jewellery
 m - a +3 amulet of reflection (around neck)
 o - a ring of protection from cold (left hand)
 q - an uncursed ring of protection from magic {unknown}
 t - a +4 ring of strength {unknown}
Scrolls
 i - a scroll of enchant armour {unknown}
 n - a scroll of remove curse
 p - 2 scrolls of teleportation {unknown}
 s - 4 scrolls of identify {unknown}
 x - a scroll of fog {unknown}
 y - a scroll of magic mapping {unknown}
Potions
 g - 2 potions of flight {unknown}
 h - a potion of ambrosia {unknown}
 k - 4 potions of invisibility {unknown}
 l - a potion of curing {unknown}
 u - a potion of degeneration {unknown}
 v - a potion of berserk rage {unknown}
Comestibles
 f - 11 rations
 w - 2 chunks of flesh


   Skills:
 + Level 2.8 Fighting
 * Level 7.9 Slings
 + Level 3.4 Dodging
 - Level 1.1 Stealth


You had 4 spell levels left.
You didn't know any spells.

Dungeon Overview and Level Annotations

Branches:
Dungeon (3/15)

Altars:
Cheibriados
Okawaru
Trog


Innate Abilities, Weirdness & Mutations

You are small and have problems with some larger weapons.
You are somewhat resistant to further mutation.


Message History

Press: ? - help, Shift-Dir - straight line You shoot a stone.
You feel less confused.
Firing (i - inventory. (,) - cycle):
e - 133 stones (quivered)
Press: ? - help, Shift-Dir - straight line, f - worm
Aim: a worm (lightly wounded)
Okay, then.
Firing (i - inventory. (,) - cycle):
e - 133 stones (quivered)
Press: ? - help, Shift-Dir - straight line You shoot a stone.
Something hits you but does no damage.
Firing (i - inventory. (,) - cycle):
e - 132 stones (quivered)
Press: ? - help, Shift-Dir - straight line You shoot a stone.
You block something's attack.
Firing (i - inventory. (,) - cycle):
e - 131 stones (quivered)
Press: ? - help, Shift-Dir - straight line You shoot a stone.
An orc wizard appears from thin air!
Reactivating autopickup.
The orc wizard points at you and mumbles some strange words.
The puff of flame hits you!
You die...

#............[#######
#.###.#.###.#........
#.###.#.###.######.#.
#....................
#(##.##.#.....##.#.#.
#.##.##.#.....##.)).)
#..(....#........(...
##....####.....##.....
#....@# #..........#.
#....o# ########....(
#....(# ##.##.
##.w.### #....
##.##.## ..... #..{..#
... ####[## #.#
.......w().((..


You could see a worm and an orc wizard.

Vanquished Creatures
  Robin (D:2)
  6 adders
  A worm (D:3)
  A dart slug (D:2)
  2 leopard geckos (D:1)
  3 orcs (D:3)
  7 bats
  A giant cockroach (D:3)
  16 goblins
  10 hobgoblins
  4 jackals (D:3)
  A quokka (D:2)
  A ball python (D:3)
  5 frilled lizards
  10 kobolds
  8 rats
77 creatures vanquished.

Notes
Turn   | Place    | Note
-------+----------+-------------------------------------------
     0 | D:1      | Knicklaso the Halfling Hunter began the quest for the Orb.
     0 | D:1      | Reached XP level 1. HP: 14/14 MP: 1/1
   134 | D:1      | Reached skill level 6 in Slings
   164 | D:1      | Reached XP level 2. HP: 19/19 MP: 2/2
   478 | D:1      | Reached XP level 3. HP: 24/24 MP: 3/3
  1292 | D:2      | Noticed Robin
  1299 | D:2      | Killed Robin
  1299 | D:2      | Reached XP level 4. HP: 26/30 MP: 4/4
  1306 | D:2      | Reached skill level 7 in Slings
  1683 | D:2      | Reached XP level 5. HP: 35/35 MP: 5/5
  1747 | D:2      | Found an iron altar of Okawaru.
  1747 | D:2      | Found a bloodstained altar of Trog.
  2266 | D:3      | Found a snail-covered altar of Cheibriados.
  2405 | D:3      | Killed from afar by an orc wizard

Skill      XL: |  1  2  3  4 |
---------------+-------------+-----
Slings         | 6 7 |  7.9
Fighting       | 2 |  2.8
Dodging        | 3 |  3.4
Stealth        | |  1.1

Action                   |  1- 3 |  4- 6 || total
-------------------------+-------+-------++-------
 Fire: Hunting sling     |    82 |   155 ||   237
  Use: Scroll            |       |     2 ||     2
  Eat: Chunk             |     1 |     3 ||     4
Armor: Leather armour    |     2 |       ||     2
       Ring mail         |     3 |    19 ||    22
Dodge: Dodged            |    11 |    53 ||    64
Block: Other             |       |     3 ||     3
